 Dungeon Crawl Stone Soup version 0.21-a0-509-gecc5317 (webtiles) character file.

273 BingusPrime the Insei (level 6, -5/47 HPs)
             Began as a Draconian Transmuter on Nov 30, 2017.
             Slain by pedant's ghost (10 damage)
             ... on level 3 of the Dungeon.
             The game lasted 00:17:53 (4124 turns).

BingusPrime the Insei (Draconian Transmuter)        Turns: 4124, Time: 00:17:54

Health: -5/47      AC:  6    Str: 13    XL:     6   Next: 3%
Magic:  6/10       EV: 12    Int: 13    God:
Gold:   109        SH:  0    Dex: 13    Spells: 5/11 levels left

rFire    . . .     SeeInvis .     - Unarmed
rCold    . . .     Gourm    .   (no shield)
rNeg     . . .     Faith    .   (armour unavailable)
rPois    .         Spirit   .   (helmet restricted)
rElec    .         Reflect  .   (no cloak)
rCorr    .         Harm     .   (no gloves)
MR       .....                  (no boots)
Stlth    ++........             (no amulet)
HPRegen  0.15/turn              (no ring)
MPRegen  0.12/turn              (no ring)

@: no status effects
A: unfitting armour, cold-blooded, AC +6
a: no special abilities


You were on level 3 of the Dungeon.
You were hungry.

You visited 1 branch of the dungeon, and saw 3 of its levels.

You collected 109 gold pieces.

Inventory:

Hand Weapons
 e - a +1 vampiric dagger
Missiles
 a - 2 arrows
Jewellery
 d - a cursed -2 ring of slaying
 o - an uncursed ring of positive energy {unknown}
 s - an uncursed ring of resist corrosion {unknown}
Wands
 q - a wand of random effects (15)
Scrolls
 f - 2 scrolls of amnesia
 h - 2 scrolls of magic mapping {unknown}
 j - 2 scrolls of teleportation {unknown}
 m - 2 scrolls of remove curse {unknown}
 r - a scroll of random uselessness {unknown}
Potions
 k - a potion of resistance
 l - a potion of mutation {unknown}
Books
 b - a book of Changes

   Spells                             Type                      Level
   a - Beastly Appendage              Transmutation                1
   b - Sticks to Snakes               Transmutation                2
   c - Spider Form                    Transmutation/Poison         3
   d - Ice Form                       Ice/Transmutation            4
   e - Blade Hands                    Transmutation                5
 g - a book of Misfortune

   Spells                             Type                      Level
   a - Confusing Touch                Hexes                        1
   b - Confuse                        Hexes                        3
   c - Gell's Gravitas                Translocation                3
   d - Petrify                        Transmutation/Earth          4
   e - Metabolic Englaciation         Hexes/Ice                    5
   f - Yara's Violent Unravelling     Hexes/Transmutation          5
Comestibles
 c - a bread ration
 i - 2 royal jellies
 n - a meat ration
 p - 6 fruits


   Skills:
 - Level 1.1 Fighting
 - Level 1.8 Dodging
 + Level 0.8 Stealth
 * Level 4.9 Unarmed Combat
 * Level 3.2 Spellcasting
 * Level 3.4 Transmutations
 + Level 1.1 Poison Magic


You had 5 spell levels left.
You knew the following spells:

 Your Spells              Type           Power        Failure   Level  Hunger
a - Beastly Appendage     Tmut           ##....       5%          1    #......
b - Spider Form           Tmut/Pois      #.........   26%         3    ###....
c - Sticks to Snakes      Tmut           ##......     9%          2    ##.....


Dungeon Overview and Level Annotations

Branches:
Dungeon (3/15)

Altars:

Annotations:
D:3 Sigmund; pedant's ghost, amateur DgGl


Innate Abilities, Weirdness & Mutations

Your plain brown scales are hard. (AC +6)
You cannot fit into any form of body armour.
You are cold-blooded and may be slowed by cold attacks.


Message History

Pedant's ghost turns its malevolent gaze towards you.
Your adder barely misses pedant's ghost.
You hit pedant's ghost but do no damage.
Pedant's ghost is severely damaged.
Pedant's ghost barely misses you.
Your adder bites pedant's ghost but does no damage.
Pedant's ghost barely misses your adder.
Your adder closely misses pedant's ghost.
Pedant's ghost hits your adder!
Your adder bites pedant's ghost.
You closely miss pedant's ghost.
Pedant's ghost is severely damaged.
Your transformation has ended.
Your adder closely misses pedant's ghost.
Pedant's ghost hits you!
* * * LOW HITPOINT WARNING * * *
Your adder closely misses pedant's ghost.
Your adder bites pedant's ghost but does no damage.
Pedant's ghost laughs crazily.
You open the door.
Your adder bites pedant's ghost.
Pedant's ghost hits you!
You die...

....#......# #(...##.#.#
.W.(#....### #..).# .#.#
....#....# #######'########
....#....# #§≈≈§≈≈.≈§≈§≈≈##
#####....#########§§≈§....§§≈§§##
#...)........#§≈§.......≈≈§##
############S#§§....§....≈≈##
#W#§§..##§##..§≈##
#@#≈...#...#...≈##
#.'...≈..≈)§≈§..+.
###≈...#...#.[.≈#.
#≈...##.##...≈#. #§≈....≈....≈≈#.
#§≈≈......§§≈§#. #≈≈≈≈..§..§≈§≈#.
#≈≈§≈≈≈.≈≈§§§§#. #######'#######.


You could see pedant's ghost and a friendly adder.

Vanquished Creatures
  A howler monkey (D:2)
  Ijyb (D:3)
  An iguana (D:3)
  A worker ant (D:2)
  6 adders
  3 oozes
  A worm (D:3)
  4 dart slugs
  3 leopard geckos
  3 orcs
  A ball python (D:2)
  A giant cockroach (D:1)
  5 goblins
  6 hobgoblins
  9 jackals
  9 kobolds
  3 quokkas
  4 bats
  7 frilled lizards
  6 rats
75 creatures vanquished.

Vanquished Creatures (collateral kills)
  An adder (D:2)
  An orc (D:3)
2 creatures vanquished.

Grand Total: 77 creatures vanquished

Notes
Turn   | Place    | Note
-------+----------+-------------------------------------------
     0 | D:1      | BingusPrime the Draconian Transmuter began the quest for the Orb.
     0 | D:1      | Reached XP level 1. HP: 16/16 MP: 3/3
   380 | D:1      | Reached XP level 2. HP: 21/23 MP: 3/5
   984 | D:2      | Reached XP level 3. HP: 28/28 MP: 4/6
   989 | D:2      | Learned a level 3 spell: Spider Form
   992 | D:2      | Learned a level 2 spell: Sticks to Snakes
  1146 | D:2      | Reached skill level 4 in Unarmed Combat
  1162 | D:2      | HP: 1/28 [poisoned by an adder]
  1628 | D:2      | Reached XP level 4. HP: 20/35 MP: 0/7
  2204 | D:3      | Noticed Sigmund
  2249 | D:3      | Noticed Ijyb
  2271 | D:3      | Killed Ijyb
  2283 | D:3      | Noticed pedant's ghost (amateur DgGl)
  2415 | D:2      | Reached XP level 5. HP: 21/40 MP: 4/9
  3689 | D:3      | Reached skill level 1 in Poison Magic
  3904 | D:3      | Reached XP level 6. HP: 20/47 MP: 6/10
  4124 | D:3      | Slain by pedant's ghost

Vault maps used:
D:1:      dpeg_arrival_rhombus, minmay_misc_feat_iff
D:2:      first_bread, minmay_domino_2
D:3:      glass_columns_a, kennysheep_generic_room_2, uniq_sigmund, uniq_ijyb

Skill      XL: |  1  2  3  4  5 |
---------------+----------------+-----
Unarmed Combat | 4 |  4.9
Spellcasting   | 3 |  3.2
Transmutations | 3 |  3.4
Poison Magic   | 1 |  1.1
Fighting       | |  1.1
Dodging        | |  1.8
Stealth        | |  0.8

Action                   |  1- 3 |  4- 6 || total
-------------------------+-------+-------++-------
Melee: Unarmed           |   148 |   148 ||   296
       Tailslap          |     9 |     3 ||    12
       Headbutt          |     4 |     1 ||     5
       Kick              |     4 |     2 ||     6
 Cast: Beastly Appendage |    26 |     6 ||    32
       Spider Form       |     4 |    19 ||    23
       Sticks to Snakes  |       |    10 ||    10
  Use: Scroll            |     3 |     1 ||     4
 Stab: Sleeping          |       |     1 ||     1
  Eat: Chunk             |     3 |     7 ||    10
       Bread ration      |       |     1 ||     1
Armor: Skin              |    43 |    20 ||    63
Dodge: Dodged            |   105 |   129 ||   234

Table legend:
 A = Spawn XP
 B = Non-spawn XP
 C = Spawn XP percentage of total XP
 D = Spawn monster count
 E = Non-spawn monster count
 F = Spawn count percentage of total count
 G = Total turns spent on level
                    A         B        C        D         E        F      G
               +---------+---------+-------+---------+---------+-------+---------
         Total |       0 |     391 |   0.0 |       0 |      77 |   0.0 |  4124
               +---------+---------+-------+---------+---------+-------+---------
           D:1 |       0 |      39 |   0.0 |       0 |      21 |   0.0 |   973
           D:2 |       0 |     183 |   0.0 |       0 |      25 |   0.0 |  2387
           D:3 |       0 |     169 |   0.0 |       0 |      31 |   0.0 |   764
               +---------+---------+-------+---------+---------+-------+---------
